 Dungeon Crawl Stone Soup version 0.29.0-4-gdea44cf6ec (webtiles) character file.

Game seed: 4863050920232604292

79 qw the Chopper (level 4, -1/26 HPs)
             Began as a Tengu Warper on Aug 28, 2022.
             Killed by divine providence
             ... invoked by an orc priest
              (11 damage)
             ... on level 3 of the Dungeon.
             The game lasted 00:00:13 (3476 turns).

qw the Chopper (Tengu Warper)                       Turns: 3476, Time: 00:00:14

Health: -1/26      AC:  5    Str: 14    XL:     4   Next: 37%
Magic:  8/8        EV: 12    Int: 13    God:
Gold:   83         SH:  0    Dex: 13    Spells: 7/7 levels left

rFire   . . .      SeeInvis .   Y - +0 hand axe
rCold   . . .      Faith    .   (no shield)
rNeg    . . .      Spirit   .   b - +0 leather armour
rPois   .          Reflect  .   (helmet restricted)
rElec   .          Harm     .   g - +0 cloak
rCorr   .          Rampage  .   f - +0 pair of gloves
Will    .....                   (boots unavailable)
Stlth   +.........              (no amulet)
HPRegen 0.08/turn               (no ring)
MPRegen 0.11/turn               (no ring)

@: no status effects
A: beak, talons 3
a: no special abilities


You were on level 3 of the Dungeon.
You visited 1 branch of the dungeon, and saw 3 of its levels.

You collected 83 gold pieces.


Innate Abilities, Weirdness & Mutations

You have a beak for a mouth.
You have claws for feet.


   Skills:
 - Level 2.0 Fighting
 + Level 4.9 Axes
 - Level 1.0 Throwing
 - Level 1.1 Armour
 - Level 2.1 Dodging
 - Level 2.0 Spellcasting
 - Level 2.4 Translocations


You had 7 spell levels left.
You didn't know any spells.
Your spell library contained the following spells:

 Spells                   Type           Power      Damage    Failure   Level
 Blink                    Tloc           14%        N/A       19%         2
 Gell's Gravitas          Tloc           7%         N/A       34%         3
 Lesser Beckoning         Tloc           7%         N/A       34%         3
 Teleport Other           Tloc           7%         N/A       34%         3
 Manifold Assault         Tloc           7%         N/A       97%         5

Inventory:

Hand Weapons
 k - a +0 mace
 Y - a +0 hand axe (weapon)
Armour
 b - a +0 leather armour (worn)
 d - a +0 ring mail
 f - a +0 pair of gloves (worn)
 g - a +0 cloak (worn)
Scrolls
 a - 3 scrolls of teleportation
Potions
 c - 2 potions of ambrosia {unknown}
 e - 2 potions of curing {unknown}
 h - a potion of brilliance {unknown}
 j - a potion of resistance {unknown}
 l - a potion of mutation {unknown}
 m - a potion of degeneration {unknown}

Dungeon Overview and Level Annotations

Branches:
Dungeon (3/15)

Altars:


Message History

You kill the ball python!
e - 2 bubbling green potions (gained 1)
You see here a ball python corpse.
c - 2 golden potions (gained 1)
An orc priest and 2 orcs come into view.
The orc shouts!
You hear a shout!
The orc priest barely misses you.
An orc comes into view. It is wielding a +0 hand axe.
Enter note: An orc comes into view. It is wielding a +0 club.
The orc shouts!
You hear a shout!
The orc priest hits you with a +0 trident!
You completely miss the orc priest. You claw the orc priest.
The orc priest is moderately wounded.
The orc priest barely misses you.
You hit the orc priest. You claw the orc priest.
The orc priest is heavily wounded.
You barely miss the orc. Your kick misses the orc. Your peck misses the orc.
The orc priest hits you from afar with a +0 trident.
You barely miss the orc. You peck the orc.
The orc is heavily wounded.
The orc hits you with a +0 short sword. The orc priest barely misses you.
You hit the orc.
You kill the orc!
A hobgoblin comes into view.
The orc priest hits you from afar with a +0 trident.
The orc priest calls down the wrath of Beogh upon you.
Pain shoots through your body!
Things that are here:
a +0 short sword; an orc corpse You hit the orc priest but do no damage.
You claw the orc priest. You peck the orc priest.
The orc priest is severely wounded.
The orc priest calls down the wrath of Beogh upon you.
Pain shoots through your body!
You hit the orc priest.
The orc priest is almost dead.
The orc priest invokes the aid of Beogh against you.
Beogh smites you!
You die...

.#.......
#.#
...######
#.# #......
#.# #####.#
#.# #.# #
#.# #.# #
#.#######.#
#.goooo@..#
###########


You could see an orc priest, 3 orcs and a hobgoblin.

Vanquished Creatures
  2 adders
  2 worms (D:2)
  2 dart slugs
  2 orcs (D:3)
  9 bats
  2 endoplasms
  A giant cockroach (D:1)
  4 hobgoblins
  A quokka (D:1)
  7 ball pythons
  5 frilled lizards
  3 goblins
  7 kobolds
  6 rats
53 creatures vanquished.

Notes
Turn   | Place    | Note
-------+----------+-------------------------------------------
     0 | D:1      | qw the Tengu Warper began the quest for the Orb.
     0 | D:1      | Reached XP level 1. HP: 12/12 MP: 4/4
     0 | D:1      | 0 ||| qw: Version: 0.1-a-89-g26bdef1
     0 | D:1      | 0 ||| qw: Game counter: 2216
     0 | D:1      | 0 ||| qw: Always use a shield: true
     0 | D:1      | 0 ||| qw: God list: Okawaru
     0 | D:1      | 0 ||| qw: Allow faded altars: false
     0 | D:1      | 0 ||| qw: Do Orc after D:15 true
     0 | D:1      | 0 ||| qw: Do second Lair branch before Depths: true
     0 | D:1      | 0 ||| qw: Lair rune preference: random
     0 | D:1      | 0 ||| qw: Plans: Normal
     0 | D:1      | 0 ||| PLANNING D:1-11
   228 | D:1      | Reached XP level 2. HP: 13/17 MP: 6/6
   311 | D:1      | Reached skill level 3 in Axes
   407 | D:1      | 407 ||| Stepping ~*~*~tactically~*~*~ (hiding).
  1008 | D:1      | Reached XP level 3. HP: 21/21 MP: 7/7
  1169 | D:1      | 1169 ||| UPGRADING to +0 cloak.
  1174 | D:1      | 1174 ||| READING 2 scrolls labelled CUIKHE JE WASS.
  1177 | D:1      | 1177 ||| READING scroll labelled COKKIHU YLUPRO.
  1178 | D:1      | 1178 ||| DROPPING scroll of blinking.
  1617 | D:2      | Found a faded altar of an unknown god.
  1639 | D:2      | 1639 ||| Stepping ~*~*~tactically~*~*~ (stealth).
  1641 | D:2      | 1641 ||| Stepping ~*~*~tactically~*~*~ (stealth).
  1643 | D:2      | Reached skill level 4 in Axes
  1644 | D:2      | 1644 ||| Stepping ~*~*~tactically~*~*~ (stealth).
  1649 | D:2      | 1649 ||| Stepping ~*~*~tactically~*~*~ (stealth).
  1953 | D:2      | 1953 ||| Stepping ~*~*~tactically~*~*~ (stealth).
  2643 | D:2      | Reached XP level 4. HP: 26/26 MP: 8/8
  2750 | D:2      | 2750 ||| UPGRADING to +0 pair of gloves.
  2755 | D:2      | 2755 ||| READING scroll labelled NOYDED RUTUCAU.
  2756 | D:2      | 2756 ||| READING scroll labelled NIXTUCS BEOTAV.
  2902 | D:2      | 2902 ||| READING scroll labelled CEREAF CAOGEJA.
  3015 | D:3      | 3015 ||| Stepping ~*~*~tactically~*~*~ (stealth).
  3016 | D:3      | 3016 ||| Stepping ~*~*~tactically~*~*~ (stealth).
  3355 | D:3      | 3355 ||| DROPPING +0 club.
  3476 | D:3      | Killed from afar by an orc priest

Levels and vault maps discovered:
D:1:      dpeg_arrival_fog, layout_basic
D:2:      layout_basic, basic_ecumenical_altar, hangedman_decor_push,
          minmay_close_crescents
D:3:      layout_loops_ring

Skill      XL: |  1  2  3 |
---------------+----------+-----
Axes           | 3 4 |  4.9
Fighting       | |  2.0
Throwing       | |  1.0
Armour         | |  1.1
Dodging        | |  2.1
Spellcasting   | |  2.0
Translocations | |  2.4

Action                   |  1- 3 |  4- 6 || total
-------------------------+-------+-------++-------
Melee: Hand axe          |    93 |    28 ||   121
       Peck              |    18 |     3 ||    21
       Kick              |    13 |     8 ||    21
Throw: Boomerang         |     7 |       ||     7
  Use: Scroll            |     2 |     3 ||     5
Armor: Leather armour    |    14 |     4 ||    18
Dodge: Dodged            |    57 |    16 ||    73

Table legend:
 A = Non-vault XP
 B = Vault XP
 C = Vault XP percentage of total XP
 D = Non-vault monster count
 E = Vault monster count
 F = Vault count percentage of total count
                 A         B        C        D         E       F
            +---------+---------+-------+---------+---------+-------
      Total |      97 |      16 |  14.2 |      49 |       4 |   7.5
            +---------+---------+-------+---------+---------+-------
        D:1 |      34 |       0 |   0.0 |      23 |       0 |   0.0
        D:2 |      37 |      16 |  30.2 |      18 |       4 |  18.2
        D:3 |      26 |       0 |   0.0 |       8 |       0 |   0.0
            +---------+---------+-------+---------+---------+-------
